 Dungeon Crawl Stone Soup version 0.24.0-37-gcf1ca852f1 (webtiles) character file.

Game seed: 6736450200217062102, levelgen mode: deterministic

13101 Goreval the Grappler (level 11, -1/109 HPs)
             Began as a Troll Fighter on Nov 27, 2019.
             Hit by a silver javelin thrown by a minotaur (30 damage)
             ... on level 1 of the Lair of Beasts.
             The game lasted 00:30:33 (11076 turns).

Goreval the Grappler (Troll Fighter)               Turns: 11076, Time: 00:30:34

Health: -1/109     AC:  9    Str: 26    XL:     11   Next: 71%
Magic:  10/10      EV: 12    Int:  4    God:
Gold:   418        SH: 12    Dex: 12    Spells: 10/10 levels left

rFire    + + .     SeeInvis .     - Unarmed
rCold    + . .     Gourm    +   b - +1 shield
rNeg     + . .     Faith    .   O - +2 robe {rN+}
rPois    +         Spirit   .   Q - +1 hat
rElec    .         Reflect  .   E - scarf {rC+ rF+}
rCorr    .         Harm     .   (gloves unavailable)
MR       .....                  (boots unavailable)
Stlth    +.........             y - amulet of magic regeneration
HPRegen  0.68/turn              t - ring of poison resistance
MPRegen  0.37/turn              u - ring of protection from fire

@: no status effects
A: large, unfitting armour, claws 3, fast metabolism 3, gourmand, regeneration
1, shaggy fur 1, tough skin 3
a: no special abilities


You were on level 1 of the Lair of Beasts.
You were very full.

You visited 3 branches of the dungeon, and saw 13 of its levels.
You also visited: Ossuary.

You collected 594 gold pieces.
You spent 176 gold pieces at shops.

Inventory:

Missiles
 j - 63 stones
 I - 3 throwing nets
 J - 3 silver boomerangs
 K - 5 boomerangs (quivered)
Armour
 a - a +0 robe
 b - a +1 shield (worn)
 E - a scarf of resistance (worn)
 O - a +2 robe of positive energy (worn)
 Q - a +1 hat (worn)
Jewellery
 k - an uncursed ring of see invisible
 t - a ring of poison resistance (left claw)
 u - a ring of protection from fire (right claw)
 y - an amulet of magic regeneration (around neck)
 H - an uncursed ring of positive energy
 N - an uncursed ring of positive energy
 P - an uncursed ring of protection from cold
Wands
 i - a wand of paralysis (5)
 w - a wand of enslavement (8)
 x - a wand of iceblast (5)
 A - a wand of acid (4)
 R - a wand of disintegration (14)
Scrolls
 e - 3 scrolls of magic mapping
 f - 5 scrolls of fog
 h - 3 scrolls of fear
 m - 7 scrolls of identify
 n - 8 scrolls of remove curse
 p - 2 scrolls of noise
 r - a scroll of immolation
 v - a scroll of enchant armour
 z - 4 scrolls of amnesia
Potions
 c - 3 potions of might
 g - 7 potions of curing
 l - a potion of haste
 o - a potion of heal wounds
 q - a potion of agility
 B - a potion of ambrosia
 D - 4 potions of lignification
 F - 2 potions of brilliance
 G - 3 potions of magic
 L - a potion of resistance
 M - a potion of flight
Comestibles
 d - 20 rations


   Skills:
 + Level 7.5 Fighting
 - Level 4.0 Throwing
 - Level 4.6 Dodging
 - Level 9.0 Shields
 * Level 11.9 Unarmed Combat


You had 10 spell levels left.
You didn't know any spells.
Your spell library contained the following spells:

 Spells                   Type           Power        Failure   Level  Hunger
 Spider Form              Tmut/Pois      #.........   86%         3    ####...
 Alistair's Intoxication  Tmut/Pois      #.......     100%        5    ######.
 Yara's Violent Unravell  Hex/Tmut       #.........   100%        5    ######.
 Dragon Form              Tmut           #.........   100%        7    #######


Dungeon Overview and Level Annotations

Branches:
Dungeon (10/15)            Temple (1/1) D:6            Lair (2/6) D:10
Ossuary (visited)
  Swamp: Lair:2-4    Shoals: Lair:2-4     Snake: Lair:2-4    Spider: Lair:2-4
    Orc: D:9-12

Altars:
Ashenzari
Cheibriados
Dithmenos
Elyvilon
Fedhas
Gozag
Hepliaklqana
Kikubaaqudgha
Makhleb
Nemelex Xobeh
Okawaru
Qazlal
Ru
Sif Muna
Trog
Uskayaw
Vehumet
Wu Jian
Xom
Yredelemnul
Zin
The Shining One

Shops:
D:6 *   D:8 [   D:9 ([[

Portals:
Trove: D:10 (give +3 gold dragon scales)

Annotations:
Lair:1 exclusions: 2 electric eels and 5 more exclusions


Innate Abilities, Weirdness & Mutations

You are too large for most types of armour.
You have claws for hands.
Your metabolism is lightning-fast.
You like to eat raw meat.
Your natural rate of healing is unusually fast.
You are covered in fur. (AC +1)
You have extremely tough skin. (AC +3)


Message History

You claw the minotaur!
The minotaur is moderately wounded.
The minotaur hits you but does no damage.
You block the minotaur's attack.
Unknown command.
You feel much better. The minotaur hits you!!
* * * LOW HITPOINT WARNING * * *
You block the minotaur's attack.
Press: ? - help, v - describe, . - travel, g - get item
Here: a minotaur, wearing a +0 plate armour (moderately wounded)
A hippogriff corpse.
The floor, spattered with blood.
The minotaur throws a silver javelin.
The silver javelin closely misses you.
The minotaur throws a silver javelin.
The silver javelin pierces through you.
* * * LOW HITPOINT WARNING * * *
x2
There is an open translucent gate here.
Unknown command.
The minotaur throws a silver javelin.
The silver javelin pierces through you!!
You die...

##.###.#### ####.......P.#####
#................##
#####......#########..#
######..........#.[#.#..#.## .
##...............##.""[.##.####..
.........###.....# #...# #.#..#..
†....##### #.....###†### #.......
.#.#..# #.###@#.#...###.......
÷.##### ### #.#.##..#.#.......
#..## #.#.......#....... ##..## #
#.###'''###....... ##..#
.####.H.H...(.........
##.######.......#...####.......
##..##.............# #.......
##.##.........(..## ##......
##.#............# #.....


You could see a minotaur.

Vanquished Creatures
  Gastronok (D:9)
  The ghost of Firil the Destroyer, a journeyman OpFE of Vehumet (Lair:1)
  Harold (D:9)
  A fire dragon (D:10)
  A hydra (Lair:1)
  Joseph (D:8)
  4 spiny frogs (Lair:1)
  A komodo dragon (Lair:1)
  2 trolls (D:9)
  Prince Ribbit (D:7)
  4 hippogriffs
  Sigmund (D:5)
  A basilisk (Lair:1)
  A vampire (D:10)
  Menkaure (D:5)
  3 water moccasins
  2 porcupines (Lair:1)
  Duvessa (D:6)
  3 orc warriors
  2 sky beasts
  2 ice beasts (D:5)
  2 black bears
  5 ogres
  A phantom (D:9)
  3 centaurs
  2 crocodiles (Lair:1)
  A big kobold (D:8)
  Blork the orc (D:5)
  2 elf zombies (Ossuary)
  5 bullfrogs
  Dowan (D:6)
  3 scorpions
  4 killer bees (D:9)
  8 wights
  2 howler monkeys (D:8)
  An electric eel (D:8)
  A crimson imp (D:6)
  A centaur zombie (Ossuary)
  A quasit (D:8)
  A human zombie (D:7)
  3 orc priests
  A centaur skeleton (D:7)
  3 hounds
  7 orc wizards
  Crazy Yiuf (D:5)
  Ijyb (D:3)
  An iguana (D:4)
  4 worker ants
  A killer bee zombie (D:6)
  4 ogre zombies (Ossuary)
  A hound zombie (D:6)
  A hound skeleton (D:6)
  7 mummies (Ossuary)
  A worker ant zombie (D:6)
  7 gnolls
  8 adders
  A shadow imp (D:5)
  An ooze (D:1)
  An adder zombie (Ossuary)
  2 adder skeletons
  2 dart slugs
  9 leopard geckos
  39 orcs
  2 ball pythons (D:1)
  2 bats
  5 giant cockroaches
  4 goblins
  9 hobgoblins
  12 jackals
  3 quokkas
  2 frilled lizards (D:1)
  5 goblin zombies (Ossuary)
  4 hobgoblin zombies (Ossuary)
  7 kobolds
  4 kobold zombies (Ossuary)
  6 quokka zombies
  7 rats
  4 rat zombies (Ossuary)
262 creatures vanquished.

Vanquished Creatures (others)
  A wizard (D:3)
1 creature vanquished.

Grand Total: 263 creatures vanquished

Notes
Turn   | Place    | Note
-------+----------+-------------------------------------------
     0 | D:1      | Goreval the Troll Fighter began the quest for the Orb.
     0 | D:1      | Reached XP level 1. HP: 22/22 MP: 0/0
   174 | D:1      | Reached XP level 2. HP: 29/29 MP: 1/1
   430 | D:1      | Reached XP level 3. HP: 36/36 MP: 2/2
   883 | D:2      | Reached skill level 3 in Unarmed Combat
  1135 | D:2      | Reached XP level 4. HP: 44/44 MP: 3/3
  2079 | D:3      | Noticed Ijyb
  2080 | D:3      | Paralysed by Ijyb for 2 turns
  2089 | D:3      | Killed Ijyb
  2376 | D:3      | Found a bloodstained altar of Trog.
  2377 | D:3      | Noticed a wizard
  2383 | D:3      | Killed a wizard
  2529 | D:3      | Reached XP level 5. HP: 51/53 MP: 4/4
  2906 | D:4      | Reached skill level 1 in Throwing
  3270 | D:4      | Reached skill level 4 in Unarmed Combat
  3382 | D:5      | Entered Level 5 of the Dungeon
  3526 | D:5      | Reached XP level 6. HP: 54/61 MP: 5/5
  3602 | D:5      | Noticed Blork the orc
  3609 | D:5      | Killed Blork the orc
  3784 | D:5      | Noticed an ice beast
  3793 | D:5      | Killed an ice beast
  3793 | D:5      | Reached XP level 7. HP: 59/67 MP: 6/6
  3796 | D:5      | Noticed Menkaure
  3836 | D:5      | Killed Menkaure
  3836 | D:5      | Reached skill level 5 in Unarmed Combat
  4076 | D:6      | Noticed Duvessa
  4076 | D:6      | Noticed Dowan
  4092 | D:6      | Killed Duvessa
  4106 | D:6      | Killed Dowan
  4368 | D:6      | Found a staircase to the Ecumenical Temple.
  4383 | D:6      | Reached XP level 8. HP: 75/78 MP: 7/7
  4405 | Temple   | Entered the Ecumenical Temple
  4737 | D:6      | Found Dotsae Faod's General Store.
  4802 | D:5      | Found a runed translucent door.
  4803 | D:5      | Noticed Crazy Yiuf
  4808 | D:5      | Killed Crazy Yiuf
  4808 | D:5      | Reached skill level 6 in Unarmed Combat
  4911 | D:5      | Noticed Sigmund
  4925 | D:5      | Killed Sigmund
  5694 | D:6      | Found a bloodstained altar of Trog.
  5873 | D:7      | Reached skill level 7 in Unarmed Combat
  5971 | D:7      | Found a sand-covered staircase.
  5980 | Ossuary  | Entered an ossuary
  6126 | Ossuary  | Reached XP level 9. HP: 85/85 MP: 8/8
  6426 | D:7      | Reached skill level 5 in Shields
  6586 | D:7      | Reached skill level 5 in Fighting
  6902 | D:7      | Reached skill level 8 in Unarmed Combat
  6913 | D:7      | Noticed Prince Ribbit
  6929 | D:7      | Killed Prince Ribbit
  7637 | D:8      | Noticed Joseph
  7649 | D:8      | Killed Joseph
  7723 | D:8      | Found Cudghex's Armour Shop.
  8036 | D:8      | Reached skill level 9 in Unarmed Combat
  8036 | D:8      | Reached XP level 10. HP: 81/97 MP: 9/9
  8862 | D:8      | Identified the Incunabulum of Changing
  8933 | D:9      | Found an opulent altar of Gozag.
  8982 | D:9      | Found Edyizob's Antique Weapon Shop.
  9027 | D:9      | Noticed Harold
  9047 | D:9      | Killed Harold
  9111 | D:9      | Found Mynecypp's Antique Armour Boutique.
  9441 | D:9      | Found Lennoake's Armour Shoppe.
  9447 | D:9      | Bought a +2 robe of positive energy for 176 gold pieces
  9669 | D:9      | Reached skill level 10 in Unarmed Combat
  9850 | D:9      | Noticed Gastronok
  9908 | D:9      | Killed Gastronok
  9908 | D:9      | Reached XP level 11. HP: 58/107 MP: 10/10
 10064 | D:10     | Entered Level 10 of the Dungeon
 10119 | D:10     | Found a portal to a secret trove of treasure.
 10119 | D:10     | Found a staircase to the Lair.
 10134 | D:10     | Noticed a fire dragon
 10148 | D:10     | Killed a fire dragon
 10176 | Lair:1   | Entered Level 1 of the Lair of Beasts
 10310 | Lair:1   | Reached skill level 11 in Unarmed Combat
 10358 | Lair:1   | Noticed an eight-headed hydra
 10709 | Lair:1   | Killed an eight-headed hydra
 11005 | Lair:1   | Noticed a minotaur
 11005 | Lair:1   | Noticed Firil's ghost (journeyman OpFE)
 11027 | Lair:1   | Found a runed translucent gate.
 11027 | Lair:1   | Found a runed translucent gate.
 11027 | Lair:1   | Found a runed translucent gate.
 11054 | Lair:1   | Killed Firil's ghost
 11076 | Lair:1   | Hit by a silver javelin thrown by a minotaur

Levels and vault maps discovered:
D:1:      lemuel_arrival_rhombus, layout_loops_ring
D:2:      layout_loops_corners
D:3:      layout_basic, trog_wizard, uniq_ijyb
D:4:      layout_basic, serial_co_window_serial, co_window_paths_a,
          co_window_of_opportunity_a, co_window_corner_a, co_window_paths_a,
          co_window_paths_b, co_window_2corner, co_window_of_opportunity_b,
          co_window_unsneaky_path_c, co_window_cross_2, co_window_corner_b,
          co_window_broadway_b, glass_columns_a, glass_columns_b,
          glass_columns_c, glass_columns_c
D:5:      layout_layer_cave, first_ration, uniq_crazy_yiuf_cottage,
          uniq_menkaure, uniq_blork_the_orc, uniq_sigmund
D:6:      layout_rooms, kennysheep_mini, minmay_temple_entry_large_hall,
          serial_shops, nicolae_shop_window_shopping, uniq_duvessa
D:7:      layout_rooms, enter_ossuary_3, minmay_stone_trees_medium,
          uniq_prince_ribbit1
D:8:      layout_basic, serial_shops, shop, serial_bayou_pond_b, uniq_joseph
D:9:      layout_basic, serial_shops, shop_statue,
          nicolae_shop_overgrown_old_shop, kennysheep_mini_moat, basic_altar,
          uniq_harold, uniq_gastronok
D:10:     minmay_the_grid_square_5x5_3x3 [minmay_the_grid_square_5x5_bridge,
          minmay_the_grid_square_5x5_beaten_path,
          minmay_the_grid_square_5x5_three, minmay_the_grid_square_5x5_detours,
          minmay_the_grid_square_5x5_megaprize_open,
          minmay_the_grid_square_5x5_c, minmay_the_grid_square_5x5_shrine1,
          minmay_the_grid_square_5x5_tie,
          minmay_the_grid_square_5x5_intrusive_squares], layout_loops_ring,
          minmay_lair_entry_lava, hiddenorc1_lemuel,
          nicolae_trove_entry_free_sample, hangedman_ranch
          [blue_anna_fruit_fields], uniq_erica
Temple:   roderic_octagonal_lattice_temple
Lair:1:   layout_cave_pods, maelrawn_ghost_gauntlet_escape, disabler_island,
          grunt_megastairs_3
Lair:2:   layout_cave_shapes

Skill      XL: |  1  2  3  4  5  6  7  8  9 10 11 |
---------------+----------------------------------+-----
Unarmed Combat | 3 4 5 7 9 10 11 | 11.9
Dodging        | 3 4 |  4.6
Fighting       | 3 4 5 6 7 |  7.5
Shields        | 3 4 6 8 9 |  9.0
Throwing       | 1 2 3 4 |  4.0

Action                   |  1- 3 |  4- 6 |  7- 9 | 10-12 || total
-------------------------+-------+-------+-------+-------++-------
Melee: Unarmed           |   102 |   127 |   412 |   281 ||   922
Throw: Stone             |       |     4 |    20 |     6 ||    30
       Throwing net      |       |     1 |     1 |     1 ||     3
       Boomerang         |       |       |       |    16 ||    16
 Abil: Evoke Invisibilit |       |       |     1 |       ||     1
Evoke: Wand              |       |       |       |     8 ||     8
  Use: Scroll            |       |     5 |    19 |     2 ||    26
       Potion            |       |       |       |     1 ||     1
 Stab: Sleeping          |       |       |     3 |       ||     3
       Invisible         |       |       |     1 |       ||     1
  Eat: Chunk             |    16 |    24 |    36 |    31 ||   107
Armor: Robe              |    29 |    35 |    66 |    53 ||   183
Dodge: Dodged            |    12 |    31 |   116 |    88 ||   247
Block: Shield            |    46 |    59 |   136 |   157 ||   398
